 Dungeon Crawl Stone Soup version 0.28-a0-1447-ga5a8893891 (webtiles) character file.

Game seed: 17206087094302695045

1095 HallandMoats the Skirmisher (level 8, -4/70 HPs)
             Began as a Ghoul Brigand on Jan 12, 2022.
             Was a Follower of Ashenzari.
             Slain by an ogre (23 damage)
             ... on level 5 of the Dungeon.
             The game lasted 00:05:14 (4731 turns).

HallandMoats the Skirmisher (Ghoul Brigand)         Turns: 4731, Time: 00:05:14

Health: -4/70      AC: 12    Str: 17    XL:     8   Next: 31%
Magic:  7/7        EV:  6    Int:  7    God:    Ashenzari [*.....]
Gold:   328        SH:  5    Dex: 13    Spells: 7/7 levels left

rFire   . . .      SeeInvis +   b - +6 hunting sling of Nuidusyg {flame, Int-5 Dex+3 SInv}
rCold   + . .      Faith    .   (no shield)
rNeg    + + +      Spirit   .   f - +0 plate armour "At What Cost Knowledge?" {Bglg, Evo} (curse)
rPois   ∞          Reflect  +   (no helmet)
rElec   .          Harm     .   c - +0 cloak
rCorr   .          Rampage  .   (no gloves)
Will    .....                   (no boots)
Stlth   ..........              m - amulet of Ashenzari's Elitism {Reflect SH+5, Cun, Bglg} (curse)
HPRegen 0.00/turn               o - +6 ring of intelligence
MPRegen 0.10/turn               (no ring)

@: inhibited regen, invisible
A: claws 1, cold resistance 1, negative energy resistance 3, inhibited
regeneration, torment resistance 2
a: Renounce Religion, Curse Item, Shatter the Chains


You were on level 5 of the Dungeon.
You worshipped Ashenzari.
Ashenzari was aware of your devotion.
You visited 1 branch of the dungeon, and saw 5 of its levels.

You collected 328 gold pieces.

Inventory:

Hand Weapons
 a - a +2 whip of venom
 b - the +6 hunting sling of Nuidusyg (weapon) {flame, Int-5 Dex+3 SInv}
   (You found it on level 3 of the Dungeon)

   Any ammunition fired from it burns those it strikes, dealing additional fire
   damage.
   Int:       It affects your intelligence (-5).
   Dex:       It affects your dexterity (+3).
   SInv:      It lets you see invisible.
Missiles
 d - 8 poisoned darts
 e - 2 curare-tipped darts
 l - 101 stones (quivered ammo)
Armour
 c - a +0 cloak (worn)
 f - the cursed +0 plate armour "At What Cost Knowledge?" (worn) {Bglg, Evo}
   (You found it on level 1 of the Dungeon)

   It has a curse which improves the following skills: Beguiling: Conjurations,
   Hexes and Translocations.
   Evocations: Evocations.
Jewellery
 m - the cursed amulet of Ashenzari's Elitism (around neck) {Reflect SH+5, Cun, Bglg}
   (You found it on level 3 of the Dungeon)

   [amulet of reflection]

   It reflects blocked missile attacks.
   SH:        It affects your SH (+5).
   It has a curse which improves the following skills: Cunning: Dodging and
   Stealth.
   Beguiling: Conjurations, Hexes and Translocations.
 o - a +6 ring of intelligence (left claw)
Wands
 x - a wand of paralysis (3)
 B - a wand of polymorph (8)
Scrolls
 i - 5 scrolls of identify
 p - 4 scrolls of teleportation
 r - a scroll of silence
 s - a scroll of amnesia
 t - a scroll of enchant armour
 u - a scroll of immolation
 v - a scroll of enchant weapon
 y - a scroll of fog
 A - a scroll of fear
Potions
 g - a potion of invisibility
 j - a potion of flight
 k - a potion of attraction
 n - a potion of magic
 q - a potion of heal wounds
 w - a potion of brilliance
 z - a potion of curing


   Skills:
 * Level 5.8 Fighting
 - Level 2.4 Short Blades
 * Level 3.8 Maces & Flails
 * Level 3.6(3.9) Slings
 - Level 1.7(3.0) Throwing
 + Level 2.8 Armour
 + Level 3.1(3.8) Dodging
 - Level 4.3(5.2) Stealth


You had 7 spell levels left.
You didn't know any spells.
Your spell library contained the following spells:

 Spells                   Type           Power      Damage    Failure   Level
 Ensorcelled Hibernation  Hex/Ice        0%         N/A       100%        2
 Passwall                 Tmut/Erth      0%         N/A       100%        2
 Swiftness                Air            0%         N/A       100%        3


Dungeon Overview and Level Annotations

Branches:
Dungeon (5/15)
 Temple: D:4-7

Altars:
Ashenzari
Sif Muna

Shops:
D:5 (

Annotations:
D:5 1 transporter, finalsalamander's ghost, novice NaWn


Innate Abilities, Weirdness & Mutations

You thrive by killing the living.
You are immune to poison.
You have sharp fingernails.
Your flesh is cold resistant. (rC+)
You are immune to negative energy. (rN+++)
You do not regenerate when monsters are visible.
You are immune to unholy pain and torment.


Message History

The stone burns finalsalamander's ghost.
Finalsalamander's ghost is heavily damaged.
Finalsalamander's ghost hits you!
You are too injured to fight recklessly!
You are too injured to fight recklessly!
You are too injured to fight recklessly!
The ogre barely misses you.
You block finalsalamander's ghost's attack.
Finalsalamander's ghost hits you but does no damage.
You are too injured to fight recklessly!
You are too injured to fight recklessly!
You are too injured to fight recklessly!
Fire: 105 stones
Press: ? - help, Q - select action, (/) - cycle Shift-Dir - straight line, f - ogre
Aim: an ogre, wielding a +0 giant club (79% to hit)
You shoot a stone. The stone hits the ogre!
The stone burns the ogre.
The ogre is moderately wounded.
The ogre barely misses you.
Fire: 104 stones
Press: ? - help, Q - select action, (/) - cycle Shift-Dir - straight line, f/p - ogre
Aim: an ogre, wielding a +0 giant club (moderately wounded, 79% to hit)
You shoot a stone. The stone hits the ogre.
The stone burns the ogre.
The ogre is heavily wounded.
The ogre hits you with a +0 giant club.
Fire: 103 stones
Press: ? - help, Q - select action, (/) - cycle Shift-Dir - straight line, f/p - ogre
Aim: an ogre, wielding a +0 giant club (heavily wounded, 79% to hit)
You shoot a stone. The stone hits the ogre!
The stone burns the ogre.
The ogre is almost dead.
The ogre barely misses you.
Fire: 102 stones
Press: ? - help, Q - select action, (/) - cycle Shift-Dir - straight line, f/p - ogre
Aim: an ogre, wielding a +0 giant club (severely wounded, 79% to hit)
You shoot a stone. The stone barely misses the ogre.
The stone hits the ogre!
The stone burns the ogre.
The ogre is heavily wounded.
Finalsalamander's ghost hits you!
* * * LOW HITPOINT WARNING * * *
The ogre hits you with a +0 giant club!!
You die...

#....#...'..................'..
#....#...#......©.©.........#..
#....'...#.#############....#..
#...########(....!$....##..###'
####..##..####..##...##?.##..##..
#.##..##.....#.#..#.#..#.#+......
.............#.#.(#.#..#.##......
...........<.#.W##(..##..##......
##....########..@OO©....©##......
##'##### ##############......
.......# #....###'##.###'##..
.......# #....##..##.##..##..
##....## #.....#..........#..
##....###########''####.......#..
.......#.....#≈≈≈..≈≈≈#.......#..
.......'.....#≈≈≈..≈≈≈#......##..
#.##..##.....#≈≈≈≈.≈≈≈#......##.|


You could see 2 ogres and finalsalamander's ghost.

Vanquished Creatures
  Menkaure (D:5)
  Edmund (D:5)
  An ogre (D:5)
  A centaur (D:5)
  A water moccasin skeleton (D:4)
  2 howler monkeys
  6 hounds
  2 orc priests (D:4)
  2 iguanas (D:5)
  4 orc wizards
  2 hound zombies (D:5)
  7 adders
  A white imp (D:5)
  A worm (D:2)
  3 dart slugs
  16 orcs
  5 endoplasms
  5 giant cockroaches
  4 goblins (D:3)
  6 hobgoblins
  8 jackals
  A quokka (D:1)
  5 ball pythons
  4 bats
  2 frilled lizards
  A kobold (D:4)
  8 rats
100 creatures vanquished.

Vanquished Creatures (others)
  2 plants (D:4)
2 creatures vanquished.

Grand Total: 102 creatures vanquished

Notes
Turn   | Place    | Note
-------+----------+-------------------------------------------
     0 | D:1      | HallandMoats the Ghoul Brigand began the quest for the Orb.
     0 | D:1      | Reached XP level 1. HP: 17/17 MP: 0/0
    70 | D:1      | Reached skill level 1 in Dodging
   336 | D:1      | Reached XP level 2. HP: 25/25 MP: 1/1
  1055 | D:2      | Reached XP level 3. HP: 22/30 MP: 2/2
  1430 | D:2      | Reached skill level 3 in Fighting
  1539 | D:2      | Reached skill level 1 in Armour
  1671 | D:2      | Reached XP level 4. HP: 38/38 MP: 3/3
  1913 | D:2      | Found a faded altar of an unknown god.
  2088 | D:2      | Prayed at the altar of an unknown god.
  2088 | D:2      | Became a worshipper of Ashenzari the Shackled
  2143 | D:3      | Identified the +6 hunting sling of Nuidusyg {flame, Int-5
                  | Dex+3 SInv}
  2475 | D:3      | Reached skill level 1 in Maces & Flails
  2612 | D:3      | Reached XP level 5. HP: 45/45 MP: 4/4
  2614 | D:3      | Reached skill level 1 in Slings
  3377 | D:4      | Reached skill level 4 in Fighting
  3387 | D:4      | Reached XP level 6. HP: 52/52 MP: 5/5
  3495 | D:4      | Found a shimmering blue altar of Sif Muna.
  3729 | D:4      | Reached * piety under Ashenzari
  3904 | D:5      | Entered Level 5 of the Dungeon
  3946 | D:5      | Reached XP level 7. HP: 60/60 MP: 6/6
  4060 | D:5      | Noticed finalsalamander's ghost (novice NaWn)
  4064 | D:5      | Found Quodeme's Weapon Shop.
  4091 | D:5      | Found a transporter.
  4198 | D:5      | Noticed Menkaure
  4202 | D:5      | Killed Menkaure
  4203 | D:5      | Reached skill level 5 in Fighting
  4261 | D:5      | Reached XP level 8. HP: 69/69 MP: 7/7
  4450 | D:5      | Noticed Edmund
  4469 | D:5      | Killed Edmund
  4707 | D:5      | Found a transporter.
  4731 | D:5      | Slain by an ogre

Illustrated notes

Levels and vault maps discovered:
D:1:      ebering_hopf_link, layout_basic, minmay_rat_gold_closets
D:2:      layout_basic, hellmonk_ecumenical_altar_dog_temple
D:3:      layout_basic
D:4:      layout_rooms, mainiacjoe_overflow_chevrons
D:5:      layout_gridville, serial_shops, shop_fountains, gammafunk_ghost_smash,
          kennysheep_generic_room_4, uniq_edmund, uniq_menkaure

Skill      XL: |  1  2  3  4  5  6  7  8 |
---------------+-------------------------+-----
Dodging        | 1 2 3 |  3.1
Short Blades   | 2 |  2.4
Fighting       | 3 4 5 |  5.8
Armour         | 1 2 |  2.8
Maces & Flails | 1 2 3 |  3.8
Slings         | 1 2 3 |  3.6
Throwing       | |  1.7
Stealth        | |  4.3

Action                   |  1- 3 |  4- 6 |  7- 9 || total
-------------------------+-------+-------+-------++-------
Melee: Dagger            |   115 |       |       ||   115
       Punch             |     2 |       |       ||     2
       Whip              |    28 |    14 |       ||    42
 Fire: Hunting sling     |       |   116 |    84 ||   200
Invok: Curse Item        |       |     2 |       ||     2
  Use: Potion            |       |       |     1 ||     1
 Stab: Sleeping          |     1 |       |       ||     1
Armor: Plate armour      |    96 |    20 |    15 ||   131
       Robe              |     7 |       |       ||     7
Dodge: Dodged            |    42 |    11 |    12 ||    65
Block: Other             |       |     1 |    10 ||    11
       Reflection        |       |       |     1 ||     1

Table legend: (Time is in decaauts)
 A = Elapsed time spent in this place.
 B = Non-inter-level travel time spent in this place.
 C = Inter-level travel time spent in this place.
 D = Time resting spent in this place.
 E = Time spent auto-exploring this place.
 F = Levels seen in this place.
 G = Mean time per level.
                   A        B        C        D        E       F      G
               +--------+--------+--------+--------+--------+-----+--------+
         Total |   4739 |   4223 |    516 |      0 |   3487 |   5 |  947.8 |
       Dungeon |   4739 |   4223 |    516 |      0 |   3487 |   5 |  947.8 |
               +--------+--------+--------+--------+--------+-----+--------+

Top non-repeatable levels by time:
     D:2: 1273 daAuts
     D:1: 1145 daAuts
     D:3: 886 daAuts
     D:5: 833 daAuts
     D:4: 601 daAuts
